 Dungeon Crawl Stone Soup version 0.30-a0-168-g0b976cbdc4 (webtiles) character file.

Game seed: 9020587000323735169

2054 qw the Cleaver (level 9, -1/55 HPs)
             Began as a Gargoyle Fighter on Sept 29, 2022.
             Was a Follower of Okawaru.
             Slain by a five-headed hydra (13 damage)
             ... on level 8 of the Dungeon.
             The game lasted 00:02:30 (7222 turns).

qw the Cleaver (Gargoyle Fighter)                   Turns: 7222, Time: 00:02:30

Health: -1/55      AC: 20    Str: 23    XL:     9   Next: 25%
Magic:  11/12      EV:  8    Int: 10    God:    Okawaru [*.....]
Gold:   354        SH:  5    Dex:  9    Spells: 8/8 levels left

rFire   . . .      SeeInvis .    n - +0 flail
rCold   . . .      Faith    .    c - +0 buckler
rNeg    + . .      Spirit   .    e - +0 plate armour
rPois   inf        Reflect  .    (no helmet)
rElec   +          Harm     .    (no cloak)
rCorr   .          Rampage  .    (no gloves)
Will    .....                    (no boots)
Stlth   ..........               q - amulet of the acrobat
HPRegen 0.18/turn                (no ring)
MPRegen 0.13/turn                (no ring)

@: about to teleport, heroic
A: sickness immunity, AC +6, negative energy resistance 1, electricity
resistance, torment resistance 1, petrification resistance
a: Renounce Religion, Heroism


You were on level 8 of the Dungeon.
You worshipped Okawaru.
Okawaru was aware of your devotion.
You visited 2 branches of the dungeon, and saw 9 of its levels.

You collected 354 gold pieces.


Innate Abilities, Weirdness & Mutations

You are immune to sickness and miasma.
Your stone body is resilient. (AC +6)
You are immune to poison.
You resist negative energy. (rN+)
You are resistant to electric shocks. (rElec)
You are resistant to unholy torment.
You are immune to petrification.


   Skills:
 - Level 6.1(11.1) Fighting
 + Level 8.8(13.8) Axes
 - Level 2.1(7.1) Throwing
 - Level 4.0(9.0) Armour
 - Level 1.2(6.2) Dodging
 - Level 3.2(8.2) Shields
 - Level 4.1 Invocations


You had 8 spell levels left.
You didn't know any spells.
Your spell library was empty.

Inventory:

Hand Weapons
 n - a +0 flail (weapon)
 Y - a +1 war axe
Missiles
 g - 2 boomerangs (quivered)
Armour
 c - a +0 buckler (worn)
 e - a +0 plate armour (worn)
Jewellery
 i - a ring of ice
 q - an amulet of the acrobat (around neck)
Scrolls
 a - 3 scrolls of teleportation
 o - 3 scrolls of identify
Potions
 b - a potion of resistance
 d - 6 potions of might
 f - 4 potions of heal wounds
 h - 3 potions of haste
 l - 2 potions of mutation
 m - a potion of cancellation

Dungeon Overview and Level Annotations

Branches:
Dungeon (8/15)             Temple (1/1) D:6
   Lair: D:8-11

Altars:
Ashenzari
Cheibriados
Dithmenos
Elyvilon
Fedhas
Gozag
Hepliaklqana
Kikubaaqudgha
Makhleb
Nemelex Xobeh
Okawaru
Qazlal
Ru
Sif Muna
Trog
Uskayaw
Vehumet
Wu Jian
Xom
Yredelemnul
The Shining One

Annotations:
D:4 1 runed translucent door, qw's ghost, amateur GrFi


Message History

The five-headed hydra bites you but does no damage.
You block the five-headed hydra's attack.
The five-headed hydra bites you.
The five-headed hydra barely misses you.
You hit the five-headed hydra.
The five-headed hydra is lightly wounded.
A kobold comes into view.
It is wielding a +0 whip and quivering poisoned darts.
The five-headed hydra bites you!
The five-headed hydra bites you but does no damage.
You block the five-headed hydra's attack.
The five-headed hydra bites you.
The five-headed hydra bites you but does no damage.
The kobold shouts!
You hit the five-headed hydra.
The five-headed hydra is moderately wounded.
You hear a horrible gurgling sound! x2
A kobold comes into view. It is wielding a +0 club.
The five-headed hydra bites you!
The five-headed hydra bites you but does no damage.
You block the five-headed hydra's attack. x2
The five-headed hydra bites you!
The kobold shouts!
You sock the five-headed hydra!
The five-headed hydra is moderately wounded.
You hear a shout! x2
The five-headed hydra bites you.
The five-headed hydra bites you but does no damage. x2
You block the five-headed hydra's attack. x2
You sock the five-headed hydra!
The five-headed hydra is heavily wounded.
The five-headed hydra barely misses you.
The five-headed hydra bites you.
The five-headed hydra closely misses you.
The five-headed hydra bites you but does no damage. x2
7222 ||| READING 4 scrolls of teleportation.
As you read the scroll of teleportation, it crumbles to dust.
You feel strangely unstable.
The five-headed hydra bites you but does no damage.
The five-headed hydra bites you!
You die...

# ( )# #.### K.....
####### #K...
.......#Dy# #.#
########@# #.#.
##)......## >...#
#.########
.....###......#
......#####..##
.....#..###.###..##
...................
.....#....#........
.....#.#.###.#..###


You could see a five-headed hydra, a vampire mosquito and 2 kobolds.

Vanquished Creatures
  Menkaure (D:7)
  A water moccasin (D:7)
  An ice beast (D:6)
  2 black bears
  2 ogres
  A phantom (D:4)
  A kobold brigand (D:8)
  2 bullfrogs (D:6)
  3 scorpions
  A necrophage (D:5)
  5 killer bees (D:8)
  A howler monkey (D:5)
  A bullfrog zombie (D:5)
  3 orc priests
  3 hounds
  A gnoll bouda (D:5)
  An iguana (D:5)
  An orc wizard (D:6)
  A scorpion zombie (D:5)
  12 adders
  7 gnolls
  2 ufetubi
  A worm (D:2)
  3 dart slugs
  22 orcs
  6 ball pythons
  5 endoplasms
  3 giant cockroaches
  7 goblins
  6 hobgoblins
  7 jackals
  2 quokkas
  4 bats
  3 frilled lizards
  9 kobolds
  5 rats
136 creatures vanquished.

Notes
Turn   | Place    | Note
-------+----------+-------------------------------------------
     0 | D:1      | qw the Gargoyle Fighter began the quest for the Orb.
     0 | D:1      | Reached XP level 1. HP: 14/14 MP: 1/1
     0 | D:1      | 0 ||| qw: Version: 0.2-a-12-gaebbb33
     0 | D:1      | 0 ||| qw: Game counter: 1155
     0 | D:1      | 0 ||| qw: Always use a shield: true
     0 | D:1      | 0 ||| qw: God list: Okawaru
     0 | D:1      | 0 ||| qw: Allow faded altars: false
     0 | D:1      | 0 ||| qw: Do Orc after D:15 true
     0 | D:1      | 0 ||| qw: Do second Lair branch before Depths: true
     0 | D:1      | 0 ||| qw: Lair rune preference: random
     0 | D:1      | 0 ||| qw: Plans: Normal, Zot:1-4, God:TSO, Crypt, Tomb,
                  | Pan, Slime:5, Hells, Abyss, Orb
     0 | D:1      | 0 ||| PLANNING D:1-11
    53 | D:1      | 53 ||| Stepping ~*~*~tactically~*~*~ (stealth).
    69 | D:1      | Reached skill level 2 in Axes
   448 | D:1      | Reached XP level 2. HP: 19/19 MP: 2/2
   726 | D:1      | 726 ||| DROPPING +2 vorpal hand axe.
  1194 | D:1      | 1194 ||| READING scroll labelled TAIHES CIRCHUT.
  1194 | D:1      | Identified a scroll of acquirement
  1194 | D:1      | 1194 ||| ACQUIRING +1 scale mail of Munadowo {Dex+3}
  1194 | D:1      | Acquired the +1 scale mail of Munadowo {Dex+3}
  1196 | D:1      | 1196 ||| UPGRADING to +1 scale mail of Munadowo {Dex+3}.
  1206 | D:1      | 1206 ||| DROPPING +0 scale mail.
  1221 | D:2      | 1221 ||| STAIRDANCE
  1234 | D:1      | Reached skill level 3 in Axes
  1234 | D:1      | Reached XP level 3. HP: 20/23 MP: 3/3
  1280 | D:2      | 1280 ||| DROPPING +0 club.
  1291 | D:2      | 1291 ||| Stepping ~*~*~tactically~*~*~ (stealth).
  1304 | D:2      | 1304 ||| Stepping ~*~*~tactically~*~*~ (stealth).
  1331 | D:2      | 1331 ||| Stepping ~*~*~tactically~*~*~ (hiding).
  1332 | D:2      | 1332 ||| Stepping ~*~*~tactically~*~*~ (hiding).
  1334 | D:2      | 1334 ||| Stepping ~*~*~tactically~*~*~ (hiding).
  1335 | D:2      | 1335 ||| Stepping ~*~*~tactically~*~*~ (hiding).
  1336 | D:2      | 1336 ||| Stepping ~*~*~tactically~*~*~ (hiding).
  1645 | D:2      | 1645 ||| Stepping ~*~*~tactically~*~*~ (stealth).
  1647 | D:2      | 1647 ||| Stepping ~*~*~tactically~*~*~ (hiding).
  1650 | D:2      | 1650 ||| Stepping ~*~*~tactically~*~*~ (hiding).
  1939 | D:2      | Identified the +11 sling "Raad Boi" {vorpal, rElec}
  1969 | D:2      | 1969 ||| Stepping ~*~*~tactically~*~*~ (stealth).
  1970 | D:2      | 1970 ||| Stepping ~*~*~tactically~*~*~ (stealth).
  2016 | D:2      | Found a faded altar of an unknown god.
  2040 | D:2      | Reached XP level 4. HP: 28/28 MP: 4/4
  2192 | D:2      | Found a bloodstained altar of Trog.
  2267 | D:2      | 2267 ||| DROPPING amulet of magic regeneration.
  2268 | D:2      | 2268 ||| READING scroll labelled SOISETU KUMU.
  2269 | D:2      | 2269 ||| READING scroll labelled SILUCOSAOSM.
  2270 | D:2      | 2270 ||| DRINKING 4 purple potions.
  2300 | D:3      | 2300 ||| PLANNING SEWER
  2348 | D:3      | 2348 ||| Stepping ~*~*~tactically~*~*~ (stealth).
  2356 | D:3      | Reached skill level 4 in Axes
  2409 | D:3      | 2409 ||| Stepping ~*~*~tactically~*~*~ (stealth).
  2410 | D:3      | 2410 ||| Stepping ~*~*~tactically~*~*~ (stealth).
  2411 | D:3      | 2411 ||| Stepping ~*~*~tactically~*~*~ (stealth).
  2413 | D:3      | 2413 ||| Stepping ~*~*~tactically~*~*~ (stealth).
  2487 | D:3      | 2487 ||| Stepping ~*~*~tactically~*~*~ (hiding).
  2814 | D:3      | 2814 ||| Stepping ~*~*~tactically~*~*~ (hiding).
  2815 | D:3      | 2815 ||| Stepping ~*~*~tactically~*~*~ (hiding).
  2816 | D:3      | 2816 ||| Stepping ~*~*~tactically~*~*~ (hiding).
  2926 | D:3      | 2926 ||| Stepping ~*~*~tactically~*~*~ (hiding).
  2973 | D:3      | 2973 ||| DROPPING +0 whip.
  3002 | D:3      | 3002 ||| RIP SEWER
  3003 | D:3      | 3003 ||| PLANNING D:1-11
  3014 | D:3      | Reached skill level 1 in Dodging
  3313 | D:3      | 3313 ||| UPGRADING to +0 chain mail.
  3323 | D:3      | 3323 ||| DROPPING +1 scale mail of Munadowo {Dex+3}.
  3324 | D:3      | 3324 ||| DROPPING scarf of invisibility.
  3325 | D:3      | 3325 ||| READING scroll labelled NAEM BUMUZOS.
  3326 | D:3      | 3326 ||| READING 2 scrolls of identify.
  3326 | D:3      | 3326 ||| IDENTIFYING yellow potion
  3327 | D:3      | 3327 ||| DROPPING potion of ambrosia.
  3389 | D:4      | Noticed an ogre
  3393 | D:4      | Killed an ogre
  3394 | D:4      | Reached XP level 5. HP: 31/32 MP: 5/5
  3435 | D:4      | 3435 ||| Stepping ~*~*~tactically~*~*~ (stealth).
  3437 | D:4      | 3437 ||| Stepping ~*~*~tactically~*~*~ (stealth).
  3442 | D:4      | 3442 ||| Stepping ~*~*~tactically~*~*~ (stealth).
  3447 | D:4      | Reached skill level 5 in Axes
  3448 | D:4      | 3448 ||| Stepping ~*~*~tactically~*~*~ (stealth).
  3452 | D:4      | 3452 ||| FLEEEEING.
  3453 | D:4      | 3453 ||| FLEEEEING.
  3454 | D:4      | 3454 ||| FLEEEEING.
  3455 | D:4      | 3455 ||| FLEEEEING.
  3456 | D:4      | 3456 ||| FLEEEEING.
  3457 | D:4      | 3457 ||| FLEEEEING.
  3458 | D:4      | 3458 ||| FLEEEEING.
  3459 | D:4      | 3459 ||| FLEEEEING.
  3460 | D:4      | 3460 ||| FLEEEEING.
  3461 | D:4      | 3461 ||| FLEEEEING.
  3462 | D:4      | 3462 ||| FLEEEEING.
  3463 | D:4      | 3463 ||| FLEEEEING.
  3464 | D:4      | 3464 ||| FLEEEEING.
  3465 | D:4      | 3465 ||| FLEEEEING.
  3466 | D:4      | 3466 ||| FLEEEEING.
  3467 | D:4      | 3467 ||| FLEEEEING.
  3472 | D:4      | 3472 ||| FLEEEEING.
  3473 | D:4      | 3473 ||| FLEEEEING.
  3474 | D:4      | 3474 ||| STAIRDANCE
  3529 | D:3      | 3529 ||| READING 2 scrolls of identify.
  3529 | D:3      | 3529 ||| IDENTIFYING blue potion
  3684 | D:4      | Reached XP level 6. HP: 39/39 MP: 6/6
  3818 | D:4      | Found a runed translucent door.
  3822 | D:4      | Noticed qw's ghost (amateur GrFi)
  4204 | D:4      | 4204 ||| UPGRADING to amulet of the acrobat.
  4209 | D:4      | 4209 ||| READING scroll labelled ORUSER AMIMM.
  4210 | D:4      | 4210 ||| READING scroll labelled YSOESE DUKIUPS.
  4211 | D:4      | 4211 ||| READING scroll labelled DUSUOLYUMA.
  4212 | D:4      | 4212 ||| READING scroll labelled TEGAEVISMA.
  4213 | D:4      | 4213 ||| READING scroll labelled AMESHUAKOX.
  4214 | D:4      | 4214 ||| READING 3 scrolls of identify.
  4214 | D:4      | 4214 ||| IDENTIFYING ruby potion
  4215 | D:4      | 4215 ||| READING 2 scrolls of identify.
  4215 | D:4      | 4215 ||| IDENTIFYING metallic clear potion
  4216 | D:4      | 4216 ||| DROPPING potion of flight.
  4231 | D:5      | Entered Level 5 of the Dungeon
  4291 | D:5      | Reached skill level 6 in Axes
  4291 | D:5      | Reached XP level 7. HP: 44/44 MP: 7/7
  4608 | D:5      | 4608 ||| Stepping ~*~*~tactically~*~*~ (stealth).
  4618 | D:5      | Reached skill level 7 in Axes
  4625 | D:5      | 4625 ||| Stepping ~*~*~tactically~*~*~ (stealth).
  4702 | D:5      | 4702 ||| Stepping ~*~*~tactically~*~*~ (stealth).
  4780 | D:5      | Reached XP level 8. HP: 45/50 MP: 8/8
  4782 | D:5      | Reached skill level 1 in Throwing
  5030 | D:5      | Found a basalt altar of Yredelemnul.
  5085 | D:5      | 5085 ||| UPGRADING to +0 plate armour.
  5095 | D:5      | 5095 ||| DROPPING +0 chain mail.
  5096 | D:5      | 5096 ||| READING 2 scrolls of identify.
  5096 | D:5      | 5096 ||| IDENTIFYING white potion
  5097 | D:5      | 5097 ||| DROPPING potion of degeneration.
  5106 | D:6      | Found a staircase to the Ecumenical Temple.
  5107 | D:6      | 5107 ||| PLANNING TEMPLE
  5107 | D:6      | 5107 ||| STAIRDANCE
  5111 | D:6      | 5111 ||| STAIRDANCE
  5131 | D:6      | 5131 ||| STAIRDANCE
  5141 | Temple   | Entered the Ecumenical Temple
  5142 | Temple   | 5142 ||| PLANNING OKAWARU WORSHIP
  5156 | Temple   | Became a worshipper of Warmaster Okawaru
  5157 | Temple   | 5157 ||| PLANNING D:1-11
  5231 | D:6      | Found an ornate altar of the Wu Jian Council.
  5231 | D:6      | Found a shimmering blue altar of Sif Muna.
  5322 | D:6      | Found a sparkling altar of Nemelex Xobeh.
  5325 | D:6      | Found a hide-covered altar of Uskayaw.
  5532 | D:6      | 5532 ||| DROPPING +0 vorpal war axe.
  5611 | D:6      | Found a shimmering altar of Xom.
  5680 | D:6      | Reached * piety under Okawaru
  5681 | D:6      | Reached skill level 8 in Axes
  5932 | D:6      | 5932 ||| INVOKING Heroism.
  5947 | D:6      | Reached skill level 6 in Fighting
  6060 | D:6      | 6060 ||| READING 4 scrolls labelled RIGODIANUA.
  6065 | D:6      | 6065 ||| READING scroll labelled AMYABA EXENEM.
  6066 | D:6      | 6066 ||| READING scroll labelled MOASILO GASI.
  6067 | D:6      | 6067 ||| DRINKING 2 green potions.
  6068 | D:6      | 6068 ||| READING 2 scrolls of identify.
  6068 | D:6      | 6068 ||| IDENTIFYING fizzy brown potion
  6069 | D:6      | 6069 ||| DROPPING potion of brilliance.
  6100 | D:7      | Noticed Menkaure
  6101 | D:7      | 6101 ||| INVOKING Heroism.
  6107 | D:7      | Killed Menkaure
  6108 | D:7      | Reached skill level 1 in Invocations
  6181 | D:7      | 6181 ||| Stepping ~*~*~tactically~*~*~ (stealth).
  6229 | D:7      | Noticed a two-headed ogre
  6230 | D:7      | 6230 ||| INVOKING Heroism.
  6237 | D:7      | HP: 5/51 [two-headed ogre/+0 giant club (12)]
  6238 | D:7      | 6238 ||| READING 3 scrolls of teleportation.
  6239 | D:7      | 6239 ||| DRINKING 4 potions of heal wounds.
  6488 | D:7      | Reached XP level 9. HP: 53/55 MP: 9/11
  6550 | D:7      | 6550 ||| Stepping ~*~*~tactically~*~*~ (stealth).
  6552 | D:7      | 6552 ||| Stepping ~*~*~tactically~*~*~ (hiding).
  6563 | D:7      | 6563 ||| INVOKING Heroism.
  6570 | D:7      | Reached skill level 3 in Invocations
  6990 | D:7      | 6990 ||| DROPPING ring of wizardry.
  6991 | D:7      | 6991 ||| READING 4 scrolls of identify.
  6991 | D:7      | 6991 ||| IDENTIFYING cyan potion
  7011 | D:8      | 7011 ||| INVOKING Heroism.
  7205 | D:8      | 7205 ||| Stepping ~*~*~tactically~*~*~ (stealth).
  7209 | D:8      | Noticed a five-headed hydra
  7210 | D:8      | 7210 ||| INVOKING Heroism.
  7213 | D:8      | 7213 ||| SWAPPING to +0 flail.
  7213 | D:8      | Noticed a tengu warrior
  7221 | D:8      | HP: 12/55 [five-headed hydra (3)]
  7222 | D:8      | 7222 ||| READING 4 scrolls of teleportation.
  7222 | D:8      | Slain by a five-headed hydra

Levels and vault maps discovered:
D:1:      amcnicky_arrival_single_pillar, layout_basic, serial_forest,
          infiniplex_forest_straight_3, infiniplex_forest_lined_2,
          infiniplex_forest_clump_diagonal, infiniplex_forest_clump_small,
          infiniplex_forest_corner_1
D:2:      layout_rooms, basic_altar, ebering_ecumenical_altar_mist
D:3:      layout_loops_corners, portal_sewer_entry_b
D:4:      layout_basic, ebering_ghost_reflecting_pool,
          chequers_serial_rivers_large_a
D:5:      layout_cave_pools, lemuel_zombie_altar_yredelemnul
D:6:      layout_basic, grunt_temple_overflow_open, old_standard_altar,
          nicolae_overflow_two_pavilions, temple_fountains
D:7:      layout_rooms, uniq_menkaure
D:8:      minmay_the_grid_octo_triangle [minmay_the_grid_octo_fat_diamond,
          minmay_the_grid_octo_prize_square_snowflake,
          minmay_the_grid_octo_toaster], layout_loops_ring, hex_tiny,
          minmay_puff
Temple:   minmay_freezing_vapour_temple

Skill      XL: |  1  2  3  4  5  6  7  8  9 |
---------------+----------------------------+-----
Axes           | 2 3 4 5 6 7 8 |  8.8
Dodging        | 1 |  1.2
Fighting       | 4 5 6 |  6.1
Throwing       | 2 |  2.1
Armour         | 4 |  4.0
Invocations    | 2 4 |  4.1
Shields        | |  3.2

Action                   |  1- 3 |  4- 6 |  7- 9 || total
-------------------------+-------+-------+-------++-------
Melee: War axe           |   106 |   139 |   218 ||   463
       Flail             |       |       |     8 ||     8
Throw: Boomerang         |       |    42 |    43 ||    85
       Javelin           |       |       |    16 ||    16
Invok: Heroism           |       |       |     6 ||     6
  Use: Scroll            |     1 |    12 |     8 ||    21
       Potion            |       |     1 |     2 ||     3
Armor: Scale mail        |    54 |    22 |       ||    76
       Chain mail        |       |    53 |    26 ||    79
       Plate armour      |       |       |   127 ||   127
Dodge: Dodged            |    45 |    52 |    90 ||   187
Block: Buckler           |    19 |    27 |    52 ||    98

Table legend:
 A = Non-vault XP
 B = Vault XP
 C = Vault XP percentage of total XP
 D = Non-vault monster count
 E = Vault monster count
 F = Vault count percentage of total count
                 A         B        C        D         E       F
            +---------+---------+-------+---------+---------+-------
      Total |    2509 |     426 |  14.5 |     125 |      11 |   8.1
            +---------+---------+-------+---------+---------+-------
        D:1 |      34 |       0 |   0.0 |      12 |       0 |   0.0
        D:2 |      59 |       0 |   0.0 |      24 |       0 |   0.0
        D:3 |      38 |      20 |  34.5 |      13 |       6 |  31.6
        D:4 |     404 |       0 |   0.0 |      22 |       0 |   0.0
        D:5 |     733 |      81 |  10.0 |      26 |       2 |   7.1
        D:6 |     699 |       0 |   0.0 |      13 |       0 |   0.0
        D:7 |     299 |     169 |  36.1 |      10 |       1 |   9.1
        D:8 |     243 |     156 |  39.1 |       5 |       2 |  28.6
            +---------+---------+-------+---------+---------+-------
